AoeStats
← tavoo

Arabia

508039497Analyzed
1v1 RM · 13d ago on Sep 20, 2026· 42m 52s· 2 players
Game mode
Random Map
Map size
Tiny (2 player)
Population
200
Speed
Normal
Resources
Standard
Victory
Conquest
Starting age
Dark Age
Ending age
Imperial Age
RankedLock teamsTeams togetherTeam positionsShared explorationLock speedFull tech treeHidden civsTurbo modeCheats
Victory
Defeat
🇲🇽 Britons · Mexico
1415
+13
🇪🇸 Koreans · Spain
1355
-13
mikel.carcedo.95
8:41 Loom
11:08 Feudal Age
17:13 Castle Age
15:53 Double-Bit Axe
17:47 Fletching
22:03 Wheelbarrow
25:15 Town Watch
33:10 Imperial Age
34:06 Eupseong
34:39 Bodkin Arrow
37:31 Bracer
40:30 Chemistry
tavoo
6:19 Loom
8:58 Feudal Age
10:01 Double-Bit Axe
13:01 Fletching
20:10 Castle Age
19:19 Gold Mining
20:11 Padded Archer Armor
20:13 Crossbowman
21:18 Bodkin Arrow
27:27 Town Watch
28:18 Wheelbarrow
29:30 Yeomen
29:18 Stone Mining
33:14 Leather Archer Armor
38:08 Imperial Age
36:02 Ballistics
36:21 Gold Shaft Mining
36:55 Masonry
38:23 Arbalester
39:07 Bracer
40:45 Chemistry
43:18 Hand Cart
Connection lost

Rejoining the realm…

Still unreachable

The connection could not be restored.

Session expired

The server has moved on; the page needs a fresh start.